 Dungeon Crawl Stone Soup version 0.23-a0-270-gab6feb3 (webtiles) character file.

509 digijack the Charmwright (level 7, 0/54 HPs)
             Began as a Barachi Skald on Oct 1, 2018.
             Slain by a two-headed ogre
             ... wielding a +0 giant club
              (9 damage)
             ... on level 4 of the Dungeon.
             The game lasted 00:30:32 (5006 turns).

digijack the Charmwright (Barachi Skald)            Turns: 5006, Time: 00:30:33

Health: 0/54       AC:  4    Str: 13    XL:     7   Next: 19%
Magic:  4/12       EV: 13    Int: 14    God:
Gold:   188        SH:  0    Dex: 12    Spells: 2/13 levels left

rFire    . . .     SeeInvis +   r - +0 long sword
rCold    . . .     Gourm    .   (no shield)
rNeg     . . .     Faith    .   k - +0 robe
rPois    .         Spirit   .   e - +0 helmet
rElec    .         Reflect  .   (no cloak)
rCorr    .         Harm     .   (no gloves)
MR       .....                  i - +0 pair of boots
Stlth    +.........             (no amulet)
HPRegen  0.18/turn              o - ring of see invisible
MPRegen  0.13/turn              q - +4 ring of slaying

@: very slightly contaminated, slow
A: +LOS, swims, slowness 1, strong legs 1
a: Hop


You were on level 4 of the Dungeon.
You were hungry.

You visited 1 branch of the dungeon, and saw 4 of its levels.
You also visited: Sewer.

You collected 237 gold pieces.
You spent 49 gold pieces at shops.

Inventory:

Hand Weapons
 r - a +0 long sword (weapon)
Missiles
 g - 146 stones (quivered)
 m - 8 javelins
Armour
 b - a +0 leather armour
 e - a +0 helmet (worn)
 i - a +0 pair of boots (worn)
 k - a +0 robe (worn)
Jewellery
 o - a ring of see invisible (left hand)
 q - a +4 ring of slaying (right hand)
Scrolls
 a - a scroll of noise {unknown}
 f - 3 scrolls of identify
 j - 2 scrolls of magic mapping
 p - 3 scrolls of remove curse
Potions
 c - 2 potions of berserk rage
 h - 3 potions of might
 l - 3 potions of haste
 n - 2 potions of brilliance
 s - a potion of flight
 t - 3 potions of invisibility
Comestibles
 d - 4 rations


   Skills:
 + Level 4.0 Fighting
 + Level 4.0 Long Blades
 - Level 2.0 Armour
 + Level 3.8 Dodging
 + Level 3.5 Spellcasting
 * Level 2.0 Hexes
 + Level 4.6 Charms
 - Level 2.2 Translocations


You had 2 spell levels left.
You knew the following spells:

 Your Spells              Type           Power        Failure   Level  Hunger
a - Infusion              Chrm           ###.         3%          1    #......
b - Shroud of Golubria    Chrm/Tloc      ##........   8%          2    ##.....
c - Song of Slaying       Chrm           ###.....     4%          2    ##.....
d - Spectral Weapon       Hex/Chrm       ##......     16%         3    ###....
e - Tukima's Dance        Hex            #.......     26%         3    ###....

Your spell library contained the following spells:

 Spells                   Type           Power        Failure   Level  Hunger
 Corona                   Hex            #......      9%          1    #......
 Ensorcelled Hibernation  Hex/Ice        #.....       21%         2    ##.....
 Regeneration             Chrm/Necr      #.........   24%         3    ###....
 Confuse                  Hex            #.......     26%         3    ###....
 Dazzling Spray           Conj/Hex       #.....       38%         3    ###....


Dungeon Overview and Level Annotations

Branches:
Dungeon (4/15)
 Temple: D:4-7

Altars:
Trog

Shops:
D:4 (

Annotations:
D:4 Menkaure


Innate Abilities, Weirdness & Mutations

Shadows flee at your approach. (+LOS)
You can swim through water.
You cover ground slowly.
You can hop short distances.


Message History

Multicoloured lights dance before your eyes!
You barely miss the orc. The orc closely misses you.
You slash the orc!
The orc is almost dead.
The orc priest closely misses you. The orc hits you but does no damage.
Unknown command.
You barely miss the orc.
The orc is almost dead.
The orc priest hits you but does no damage.
The orc barely misses you. The orc hits you with a dagger.
You slash the orc!
You kill the orc!
The orc priest hits you from afar with a trident.
The orc completely misses you.
The orc priest casts a cantrip, but nothing happens.
The orc throws a stone.
The stone closely misses you.
The two-headed ogre hits you with a giant club!!
* * * LOW HITPOINT WARNING * * *
The two-headed ogre hits you with a giant club!
You die...

#...# #.# #...# #.#
### #...# #.# ..# ...
#.# ..#######.#.. #.#
..8..∩..8.#.> #.#
####.#.####.. #.#
.....#.# #.o###.###
.#####.# #.)(.#@..#
.#.....# ##.ooO.#.#
.....##### ###.#(#.#
.##...)..# #.#.#.#
.+...).#.#####.#.#.#
.#.#.#[#...#...).#.#
.#.#.#...#.###.#÷#.#
.'....^#.#.#.......##
.###.#.#.#.#........#


You could see a two-headed ogre and 2 orcs.

Vanquished Creatures
  An ogre (D:4)
  A black bear (D:3)
  A hound (D:4)
  2 orc priests (D:4)
  Jessica (D:2)
  A worker ant (D:4)
  4 adders
  8 oozes
  4 worms
  5 dart slugs
  2 leopard geckos
  6 orcs
  7 ball pythons
  13 bats
  7 giant cockroaches
  11 hobgoblins
  6 jackals
  7 kobolds
  2 quokkas
  A frilled lizard (Sewer)
  9 goblins
  13 rats
112 creatures vanquished.

Notes
Turn   | Place    | Note
-------+----------+-------------------------------------------
     0 | D:1      | digijack the Barachi Skald began the quest for the Orb.
     0 | D:1      | Reached XP level 1. HP: 17/17 MP: 3/3
    50 | D:1      | Reached XP level 2. HP: 13/23 MP: 5/5
   328 | D:1      | You fall through a shaft!
   481 | D:1      | Reached XP level 3. HP: 18/28 MP: 6/6
   769 | D:1      | Learned a level 2 spell: Shroud of Golubria
   772 | D:1      | Learned a level 2 spell: Song of Slaying
  1298 | D:2      | Noticed Jessica
  1312 | D:2      | Killed Jessica
  1312 | D:2      | Reached skill level 1 in Translocations
  1312 | D:2      | Reached XP level 4. HP: 11/35 MP: 3/7
  2155 | D:2      | Found a bloodstained altar of Trog.
  2435 | D:3      | Reached XP level 5. HP: 41/41 MP: 9/9
  2484 | D:3      | Noticed a black bear
  2497 | D:3      | Killed a black bear
  2750 | D:3      | Found a glowing drain.
  2764 | Sewer    | Entered a sewer
  2776 | Sewer    | Reached XP level 6. HP: 28/47 MP: 6/10
  3568 | D:3      | Learned a level 3 spell: Spectral Weapon
  3877 | D:3      | Learned a level 3 spell: Tukima's Dance
  4130 | D:4      | Noticed a two-headed ogre
  4147 | D:4      | Noticed Menkaure
  4383 | D:4      | Reached skill level 1 in Hexes
  4642 | D:4      | Found Sacen's Weapon Shop.
  4654 | D:4      | Bought a +0 long sword for 49 gold pieces
  4908 | D:4      | Reached XP level 7. HP: 43/54 MP: 2/12
  5006 | D:4      | Slain by a two-headed ogre

Vault maps used:
D:1:      dpeg_arrival_water_fire
D:2:      trog_three_pillars_becter, uniq_jessica
D:3:      portal_sewer_entry_b, st_stairs_1
D:4:      serial_shops, shop_statue, first_ration, uniq_menkaure
Sewer:    sewer_fruit_machine

Skill      XL: |  1  2  3  4  5  6 |
---------------+-------------------+-----
Long Blades    | 3 4 |  4.0
Fighting       | 3 4 |  4.0
Armour         | 2 |  2.0
Translocations | 1 2 |  2.2
Charms         | 4 |  4.6
Dodging        | 3 |  3.8
Spellcasting   | 3 |  3.5
Hexes          | 2 |  2.0

Action                   |  1- 3 |  4- 6 |  7- 9 || total
-------------------------+-------+-------+-------++-------
Melee: Falchion          |   117 |   209 |       ||   326
       Long sword        |       |    14 |     6 ||    20
 Cast: Shroud of Golubri |     1 |     6 |       ||     7
       Song of Slaying   |     1 |     2 |       ||     3
       Infusion          |       |     1 |       ||     1
       Spectral Weapon   |       |     2 |       ||     2
       Tukima's Dance    |       |     1 |     1 ||     2
 Abil: Hop               |     1 |     1 |       ||     2
  Use: Scroll            |     2 |    13 |       ||    15
       Potion            |     1 |     3 |       ||     4
  Eat: Chunk             |     1 |    13 |     2 ||    16
Armor: Leather armour    |    50 |    66 |       ||   116
       Robe              |       |     8 |     3 ||    11
Dodge: Dodged            |    89 |   206 |    10 ||   305
       Rpst.: Falchion   |    20 |    46 |       ||    66
       Long sword        |       |     3 |       ||     3

Table legend:
 A = Non-vault XP
 B = Vault XP
 C = Vault XP percentage of total XP
 D = Non-vault monster count
 E = Vault monster count
 F = Vault count percentage of total count
                 A         B        C        D         E       F
            +---------+---------+-------+---------+---------+-------
      Total |     593 |     135 |  18.5 |      78 |      34 |  30.4
            +---------+---------+-------+---------+---------+-------
        D:1 |      71 |       0 |   0.0 |      28 |       0 |   0.0
        D:2 |      56 |      37 |  39.8 |      22 |       1 |   4.3
        D:3 |     141 |      24 |  14.5 |      14 |       9 |  39.1
        D:4 |     325 |       0 |   0.0 |      14 |       0 |   0.0
      Sewer |       0 |      74 | 100.0 |       0 |      24 | 100.0
            +---------+---------+-------+---------+---------+-------
